Map: Lost and Found LE

Players

Dialan - Winner!

  • Race: Protoss Protoss
  • Spawn Location: 7:00

Nordy

  • Race: Protoss Protoss
  • League: Diamond
  • Spawn Location: 1:00

VOD

Have the link to the VOD?

Description

Time

  • Played on: Aug. 15, 2018, 8:09 a.m.
  • Length: 8:59
Show
View Real Time Build Order
Export as new Build Order

Dialan Protoss - Winner!

Build Orders:  

Get SALT Encoding   

  12  0:00  Probe  
  13  0:13  Probe  
  14  0:18  Pylon  
  14  0:25  Probe  
  15  0:33  Probe  
  15  0:39  Gateway  
  15  0:41  Probe  
  16  0:49  Assimilator  
  17  0:51  Probe  
  18  1:05  Probe  
  19  1:17  Probe  
  20  1:18  Gateway  
  20  1:23  Pylon  
  20  1:29  Probe  
  21  1:35  Cybernetics Core  
  21  1:46  Probe  
  22  2:02  Probe, Pylon  
  22  2:07  Stalker x2  
  27  2:15  Warp Gate  
  27  2:29  Nexus  
  26  2:45  Shield Battery  
  26  2:53  Twilight Council  
  26  3:03  Shield Battery  
  26  3:05  Shield Battery  
  26  3:06  Shield Battery  
  26  3:10  Stalker  
  26  3:12  Zealot  
  30  3:23  Assimilator  
  30  3:33  Forge  
  30  3:39  Probe  
  31  3:49  Charge  
  31  4:01  Probe  
  31  4:09  Probe  
  32  4:14  Protoss Ground Weapons Level 1  
  32  4:16  Pylon  
  33  4:17  Pylon  
  33  4:22  Probe  
  34  4:34  Probe  
  34  4:35  Probe  
  34  4:36  Stalker x2  
  40  4:42  Gateway  
  40  4:49  Photon Cannon  
  40  4:55  Probe  
  41  5:00  Probe  
  41  5:03  Probe  
  43  5:08  Stalker  
  43  5:09  Probe  
  46  5:17  Probe  
  46  5:21  Pylon  
  46  5:23  Stalker  
  46  5:26  Probe  
  50  5:39  Gateway  
  50  5:40  Gateway  
  50  5:41  Probe  
  50  5:42  Probe  
  52  5:43  Stalker  
  52  5:45  Zealot  
  56  5:57  Robotics Facility  
  56  5:59  Photon Cannon  
  56  6:03  Probe  
  57  6:06  Blink  
  57  6:11  Zealot x3  
  63  6:24  Probe  
  64  6:28  Photon Cannon  
  64  6:33  Pylon  
  64  6:35  Zealot x3  
  64  6:38  Pylon  
  70  6:55  Zealot x4  
  70  6:59  Gateway, Zealot  
  80  7:35  Zealot x4  
  80  7:36  Zealot  
  64  7:56  Zealot x5  
  72  8:03  Nexus  
  72  8:06  Pylon  
  72  8:08  Pylon  
  70  8:14  Zealot  
  66  8:30  Gateway  
  66  8:34  Gateway  
  66  8:36  Pylon  
  62  8:53  Zealot x6  
Show
View Real Time Build Order
Export as new Build Order

Nordy Protoss 

Build Orders: Phoenix Opening, Zealot Archon 

Get SALT Encoding   

  12  0:01  Probe  
  13  0:13  Probe  
  14  0:17  Pylon  
  14  0:25  Probe  
  15  0:34  Probe  
  15  0:37  Gateway  
  15  0:42  Probe  
  16  0:47  Assimilator  
  17  0:51  Probe  
  17  0:56  Assimilator  
  18  1:03  Probe  
  19  1:15  Gateway  
  19  1:25  Cybernetics Core  
  19  1:26  Probe  
  19  1:29  Assimilator  
  20  1:36  Probe  
  21  1:42  Pylon  
  21  1:44  Probe  
  21  1:52  Probe  
  22  1:56  Warp Gate  
  23  2:03  Stalker x2  
  27  2:09  Probe  
  28  2:20  Pylon  
  28  2:25  Probe  
  29  2:43  Stalker  
  29  2:44  Stalker  
  32  2:49  Stargate  
  32  3:22  Probe  
  33  3:29  Gateway  
  33  3:32  Twilight Council  
  33  3:33  Phoenix  
  35  3:34  Gateway  
  35  3:36  Probe  
  36  3:54  Probe  
  37  4:02  Charge  
  35  4:09  Nexus  
  35  4:22  Probe  
  36  4:27  Phoenix  
  38  4:35  Probe  
  39  4:42  Pylon  
  39  4:58  Templar Archives  
  39  5:03  Robotics Facility, Probe  
  40  5:13  Probe  
  40  5:17  Probe  
  42  5:21  Probe  
  42  5:25  Probe  
  43  5:29  Probe  
  43  5:35  Probe  
  45  5:39  Zealot x2  
  45  5:40  Zealot  
  45  5:41  Probe  
  53  5:44  Probe  
  53  5:46  Assimilator  
  53  5:48  Assimilator  
  54  5:52  Observer  
  54  5:53  Probe x2  
  57  6:00  Zealot  
  57  6:02  Probe  
  59  6:05  High Templar  
  59  6:08  Pylon  
  62  6:17  Pylon  
  62  6:24  Immortal  
  62  6:26  Probe  
  62  6:27  Probe  
  68  6:37  Nexus  
  68  6:39  Probe x2  
  70  6:41  Pylon  
  70  6:43  High Templar  
  72  6:50  Zealot x3  
  72  6:53  Archon  
  78  7:02  Shield Battery  
  78  7:07  Shield Battery  
  78  7:08  Pylon  
  78  7:11  Pylon  
  78  7:26  Immortal, Zealot  
  78  7:27  Zealot  
  78  7:28  Zealot  
  83  7:37  Zealot  
  59  7:47  Zealot x2  
  59  7:48  Zealot  
  57  7:58  Zealot  
  53  8:01  Gateway  
  53  8:08  Zealot x2  
  53  8:09  Zealot  
  53  8:12  Immortal  
  52  8:19  Zealot  
  28  8:30  Zealot  
  28  8:31  Zealot x2  
  32  8:34  Gateway  
  32  8:35  Gateway  
  32  8:44  Zealot  
  28  8:51  Zealot  
  28  8:52  Zealot x2  
Tags
 
Composition
Zealot Archon
League
Diamond
Matchup
PvP
Spawn Locations
Cross Positions
Add a new tag
Caveats
  • Supply blocks, unpowered buildings, or Contaminate may cause inaccurate times.
  • Supply counts are checked every 10 seconds.